 Dungeon Crawl Stone Soup version 0.26-a0-487-gbff1e92059 (webtiles) character file.

Game seed: 8038703811107250740

129 ReteAZ the Magician (level 5, -4/37 HPs)
             Began as a Gnoll Wanderer on Aug 2, 2020.
             Was an Initiate of Makhleb.
             Slain by an ogre
             ... wielding a +0 giant spiked club
              (19 damage)
             ... on level 4 of the Dungeon.
             The game lasted 00:02:36 (2959 turns).

ReteAZ the Magician (Gnoll Wanderer)                Turns: 2959, Time: 00:02:36

Health: -4/37      AC:  6    Str: 15    XL:     5   Next: 12%
Magic:  14/14      EV:  4    Int: 14    God:    Makhleb [......]
Gold:   179        SH:  8    Dex: 15    Spells: 18/18 levels left

rFire    . . .     SeeInvis .   p - +0 long sword
rCold    . . .     Faith    .   y - +0 kite shield
rNeg     . . .     Spirit   .   n - +0 ring mail
rPois    .         Reflect  .   o - +0 helmet
rElec    .         Harm     .   (no cloak)
rCorr    .                      (no gloves)
MR       .....                  (no boots)
Stlth    ++........             e - amulet of regeneration
HPRegen  0.52/turn              u - -4 ring of evasion (curse)
MPRegen  0.14/turn              (no ring)

@: no status effects
A: distributed training, fangs 1, strong nose
a: Renounce Religion


You were on level 4 of the Dungeon.
You worshipped Makhleb.
Makhleb was noncommittal.
You visited 1 branch of the dungeon, and saw 4 of its levels.

You collected 179 gold pieces.

Inventory:

Hand Weapons
 a - a +0 dagger
 l - a +0 hand axe
 p - a +0 long sword (weapon)
Missiles
 j - 13 poisoned darts (quivered)
Armour
 d - a +0 robe
 n - a +0 ring mail (worn)
 o - a +0 helmet (worn)
 y - a +0 kite shield (worn)
Jewellery
 e - an amulet of regeneration (around neck)
 u - a cursed -4 ring of evasion (left hand)
Wands
 z - a wand of flame (19)
Scrolls
 b - 2 scrolls of teleportation {unknown}
 g - 2 scrolls of immolation {unknown}
 r - 2 scrolls of random uselessness {unknown}
 s - 6 scrolls of identify {unknown}
 v - a scroll of remove curse {unknown}
 w - 3 scrolls of enchant armour {unknown}
 x - a scroll of magic mapping {unknown}
Potions
 c - a potion of cancellation {unknown}
 f - a potion of flight {unknown}
 h - 4 potions of stabbing {unknown}
 i - a potion of heal wounds {unknown}
 k - 2 potions of haste {unknown}
 m - a potion of mutation {unknown}
 q - 2 potions of curing {unknown}
 t - a potion of lignification {unknown}


   Skills:
 + Level 1.3 Fighting
 + Level 1.3 Short Blades
 + Level 1.3 Long Blades
 + Level 1.3 Axes
 + Level 1.3 Maces & Flails
 + Level 1.3 Polearms
 + Level 1.3 Staves
 + Level 1.3 Slings
 + Level 1.3 Bows
 + Level 1.3 Crossbows
 + Level 1.3 Throwing
 + Level 1.3 Armour
 + Level 1.3 Dodging
 + Level 2.7 Stealth
 + Level 1.3 Shields
 + Level 1.3 Unarmed Combat
 + Level 7.2 Spellcasting
 + Level 1.1 Conjurations
 + Level 3.9 Hexes
 + Level 2.3 Summonings
 + Level 1.1 Necromancy
 + Level 1.1 Translocations
 + Level 1.1 Transmutations
 + Level 1.1 Fire Magic
 + Level 1.1 Ice Magic
 + Level 1.1 Air Magic
 + Level 3.9 Earth Magic
 + Level 1.1 Poison Magic
 + Level 1.5 Invocations
 + Level 2.9 Evocations


You had 18 spell levels left.
You didn't know any spells.
Your spell library contained the following spells:

 Spells                   Type           Power        Failure   Level
 Corona                   Hex            ###....      30%         1
 Sandblast                Erth           ###...       30%         1
 Summon Small Mammal      Summ           ##..         52%         1
 Ensorcelled Hibernation  Hex/Ice        ##....       63%         2
 Confusing Touch          Hex            ###.....     67%         3
 Tukima's Dance           Hex            ###.....     67%         3
 Summon Guardian Golem    Hex/Summ       ##......     78%         3
 Dazzling Flash           Conj/Hex       ##....       86%         3
 Stone Arrow              Conj/Erth      ##....       86%         3


Dungeon Overview and Level Annotations

Branches:
Dungeon (4/15)
 Temple: D:4-7

Altars:
Makhleb
Vehumet


Innate Abilities, Weirdness & Mutations

Your experience applies equally to all skills.
You have very sharp teeth.
Your uncanny sense of smell can sniff out nearby items.


Message History

The ogre is moderately wounded.
The ogre hits you with a +0 giant spiked club!
You barely miss the ogre.
The ogre is moderately wounded.
The ogre barely misses you.
You riposte.
You barely miss the ogre.
The ogre is moderately wounded.
You hit the ogre but do no damage.
The ogre is moderately wounded.
You block the ogre's attack.
You hit the ogre.
The ogre is moderately wounded.
You block the ogre's attack.
You hit the ogre.
The ogre is heavily wounded.
The ogre hits you with a +0 giant spiked club!
You barely miss the ogre.
The ogre is heavily wounded.
The ogre hits you with a +0 giant spiked club!!
Ouch! That really hurt!
You die...

..........
#..........
#.......... ##
#.........$
...###..........
....#.........
#(.........#
#..........
########†.@.......
#....<.....O......
#.............$...
#.................
#.......#........#
#.......##.......#
#....$..######...#
#........ #..#
#.......##


You could see an ogre.

Vanquished Creatures
  A crimson imp (D:3)
  A worker ant (D:3)
  An adder (D:2)
  2 oozes
  A dart slug (D:4)
  A leopard gecko (D:1)
  4 giant cockroaches
  9 hobgoblins
  2 jackals (D:3)
  5 kobolds
  7 bats
  2 frilled lizards
  4 goblins
  7 rats
47 creatures vanquished.

Notes
Turn   | Place    | Note
-------+----------+-------------------------------------------
     0 | D:1      | ReteAZ the Gnoll Wanderer began the quest for the Orb.
     0 | D:1      | ReteAZ set off with the following items: a +0 dagger, a +0
                  | robe; and the following spells available to memorise:
                  | Corona, Sandblast, Summon Small Mammal, Ensorcelled
                  | Hibernation, Confusing Touch, Tukima's Dance, Summon
                  | Guardian Golem, Dazzling Flash, Stone Arrow
     0 | D:1      | Reached XP level 1. HP: 13/13 MP: 8/8
   257 | D:1      | Reached XP level 2. HP: 19/19 MP: 10/10
   632 | D:1      | Reached XP level 3. HP: 25/25 MP: 11/11
  1467 | D:2      | Reached skill level 1 in Invocations
  1877 | D:2      | Reached skill level 1 in Fighting
  1877 | D:2      | Reached skill level 1 in Short Blades
  1877 | D:2      | Reached skill level 1 in Long Blades
  1877 | D:2      | Reached skill level 1 in Axes
  1877 | D:2      | Reached skill level 1 in Maces & Flails
  1877 | D:2      | Reached skill level 1 in Polearms
  1877 | D:2      | Reached skill level 1 in Staves
  1877 | D:2      | Reached skill level 1 in Slings
  1877 | D:2      | Reached skill level 1 in Bows
  1877 | D:2      | Reached skill level 1 in Crossbows
  1877 | D:2      | Reached skill level 1 in Throwing
  1877 | D:2      | Reached skill level 1 in Armour
  1877 | D:2      | Reached skill level 1 in Dodging
  1877 | D:2      | Reached skill level 1 in Shields
  1877 | D:2      | Reached skill level 1 in Unarmed Combat
  2390 | D:3      | Reached XP level 4. HP: 30/32 MP: 13/13
  2616 | D:3      | Reached skill level 1 in Conjurations
  2616 | D:3      | Reached skill level 1 in Necromancy
  2616 | D:3      | Reached skill level 1 in Translocations
  2616 | D:3      | Reached skill level 1 in Transmutations
  2616 | D:3      | Reached skill level 1 in Fire Magic
  2616 | D:3      | Reached skill level 1 in Ice Magic
  2616 | D:3      | Reached skill level 1 in Air Magic
  2616 | D:3      | Reached skill level 1 in Poison Magic
  2757 | D:3      | Found a burning altar of Makhleb.
  2757 | D:3      | Found a radiant altar of Vehumet.
  2774 | D:3      | Reached XP level 5. HP: 31/37 MP: 14/14
  2780 | D:3      | Became a worshipper of Makhleb the Destroyer
  2946 | D:4      | Noticed an ogre
  2959 | D:4      | Slain by an ogre

Illustrated notes

Levels and vault maps discovered:
D:1:      onia_arrival_mini_spirals, layout_loops_ring, minmay_misc_feat_room,
          minmay_tripent
D:2:      layout_basic
D:3:      layout_basic, grunt_temple_overflow_lords_of_destruction
D:4:      layout_rooms, minmay_temple_entry_mini_moons,
          nicolae_gozag_seed_capital

Skill      XL: |  1  2  3  4 |
---------------+-------------+-----
Summonings     | 2 |  2.3
Invocations    | 1 |  1.5
Fighting       | 1 |  1.3
Short Blades   | 1 |  1.3
Long Blades    | 1 |  1.3
Axes           | 1 |  1.3
Maces & Flails | 1 |  1.3
Polearms       | 1 |  1.3
Staves         | 1 |  1.3
Slings         | 1 |  1.3
Bows           | 1 |  1.3
Crossbows      | 1 |  1.3
Throwing       | 1 |  1.3
Armour         | 1 |  1.3
Dodging        | 1 |  1.3
Shields        | 1 |  1.3
Unarmed Combat | 1 |  1.3
Conjurations   | 1 |  1.1
Necromancy     | 1 |  1.1
Translocations | 1 |  1.1
Transmutations | 1 |  1.1
Fire Magic     | 1 |  1.1
Ice Magic      | 1 |  1.1
Air Magic      | 1 |  1.1
Poison Magic   | 1 |  1.1
Stealth        | |  2.7
Spellcasting   | |  7.2
Hexes          | |  3.9
Earth Magic    | |  3.9
Evocations     | |  2.9

Action                   |  1- 3 |  4- 6 || total
-------------------------+-------+-------++-------
Melee: Dagger            |    61 |       ||    61
       Bite              |    14 |     8 ||    22
       Hand axe          |    30 |       ||    30
       Long sword        |    22 |    47 ||    69
 Stab: Sleeping          |    10 |       ||    10
Armor: Robe              |    22 |       ||    22
       Ring mail         |     6 |    21 ||    27
Dodge: Dodged            |    62 |     8 ||    70
Block: Kite shield       |       |    20 ||    20
       Rpst.: Long sword |     5 |     4 ||     9

Table legend: (Time is in decaauts)
 A = Elapsed time spent in this place.
 B = Non-inter-level travel time spent in this place.
 C = Inter-level travel time spent in this place.
 D = Time resting spent in this place.
 E = Time spent auto-exploring this place.
 F = Levels seen in this place.
 G = Mean time per level.
                   A        B        C        D        E       F      G
               +--------+--------+--------+--------+--------+-----+--------+
         Total |   2991 |   2782 |    209 |      0 |   2333 |   4 |  747.8 |
       Dungeon |   2991 |   2782 |    209 |      0 |   2333 |   4 |  747.8 |
               +--------+--------+--------+--------+--------+-----+--------+

Top non-repeatable levels by time:
     D:1: 1468 daAuts
     D:2: 906 daAuts
     D:3: 590 daAuts
     D:4: 25 daAuts
